 Dungeon Crawl Stone Soup version 0.20.1-1-g8b1a95d (webtiles) character file.

101 equalderp2856 the Shield-Bearer (level 4, -1/40 HPs)
             Began as a Minotaur Fighter on Aug 6, 2017.
             Slain by equalderp2856's ghost (14 damage)
             ... on level 3 of the Dungeon.
             The game lasted 00:06:01 (2525 turns).

equalderp2856 the Shield-Bearer (Minotaur Fighter)  Turns: 2525, Time: 00:06:03

Health: -1/40      AC:  7    Str: 25    XL:     4   Next: 48%
Magic:  3/3        EV:  8    Int:  5    God:
Gold:   103        SH: 10    Dex: 11    Spells: 3/3 levels left

rFire    . . .     SeeInvis .   a - +0 war axe
rCold    . . .     Gourm    .   c - +0 shield
rNeg     . . .     Faith    .   b - +0 scale mail
rPois    .         Spirit   .   (helmet restricted)
rElec    .         Reflect  .   (no cloak)
rCorr    .         Harm     .   (no gloves)
MR       .....                  (no boots)
Stlth    ..........             (no amulet)
Regen    0.2/turn               (no ring)
MPRegen  0.1/turn               (no ring)

@: mighty, slowed, very slow
A: retaliatory headbutt, horns 2
a: no special abilities


You were on level 3 of the Dungeon.
You were very hungry.

You visited 1 branch of the dungeon, and saw 3 of its levels.

You collected 103 gold pieces.

Inventory:

Hand Weapons
 a - a +0 war axe (weapon)
Missiles
 j - 16 bolts
 q - 27 stones (quivered)
 r - 15 arrows
Armour
 b - a +0 scale mail (worn)
 c - a +0 shield (worn)
 l - a +0 plate armour
Jewellery
 o - an uncursed amulet of magic regeneration {unknown}
Wands
 s - a wand of paralysis (17/24)
Scrolls
 e - a scroll of noise {unknown}
 g - 3 scrolls of identify {unknown}
 h - 2 scrolls of remove curse {unknown}
 k - 2 scrolls of magic mapping {unknown}
 m - a scroll of random uselessness {unknown}
 p - a scroll of teleportation {unknown}
Comestibles
 f - 2 bread rations
 i - a royal jelly
 n - a meat ration
 t - 4 fruits


   Skills:
 + Level 4.2 Fighting
 + Level 3.7 Axes
 + Level 4.2 Armour
 + Level 0.4 Dodging
 + Level 0.1 Stealth
 + Level 4.6 Shields


You had 3 spell levels left.
You didn't know any spells.

Dungeon Overview and Level Annotations

Branches:
Dungeon (3/15)

Altars:
Gozag

Annotations:
D:3 equalderp2856's ghost, amateur MiFi


Innate Abilities, Weirdness & Mutations

You reflexively headbutt those who attack you in melee.
You have a pair of horns on your head.


Message History

Your shield and scale mail prevent you from hitting the orc wizard.
You headbutt the orc wizard!
You kill the orc wizard!
You hit equalderp2856's ghost.
You block equalderp2856's ghost's attack.
Equalderp2856's ghost closely misses you.
Unknown command.
You block equalderp2856's ghost's attack.
Things that are here:
a dagger; a robe; an orc corpse Your shield prevents you from hitting equalderp2856's ghost.
Your headbutt misses equalderp2856's ghost.
Equalderp2856's ghost is moderately damaged.
Equalderp2856's ghost barely misses you.
You block equalderp2856's ghost's attack.
You slash equalderp2856's ghost!
Equalderp2856's ghost is severely damaged.
You block equalderp2856's ghost's attack.
Equalderp2856's ghost hits you!
You die...

....##.###.# ###.##.....).#.#
###.##.....# ##...##.#.#....>.
###.##.....###..####.#..#..#.#.
.........).....................
.######....#########.##.#.....
.# #....# #.##.# ### .# ######
#.##[# # .#
###########.##.##.#### .#
.......@Wo...........? .#
############.#.###.### .#
#.#..# . .# #....#.# #
.#######.# ###o.#.# .#
^......... ### ##.#.#..#
..######.. #<# #......# ..# #W#
#....### .## #.# #.#.##


You could see equalderp2856's ghost and an orc.

Vanquished Creatures
  An orc wizard (D:3)
  An ooze (D:3)
  3 worms
  3 dart slugs
  3 leopard geckos
  2 orcs (D:3)
  6 giant cockroaches
  2 goblins (D:1)
  7 hobgoblins
  2 jackals (D:2)
  3 bats
  5 frilled lizards
  6 kobolds
  5 rats
49 creatures vanquished.

Notes
Turn   | Place    | Note
-------+----------+-------------------------------------------
     0 | D:1      | equalderp2856 the Minotaur Fighter began the quest for the Orb.
     0 | D:1      | Reached XP level 1. HP: 19/19 MP: 0/0
   319 | D:1      | Reached XP level 2. HP: 23/27 MP: 1/1
   896 | D:1      | Reached XP level 3. HP: 33/33 MP: 2/2
  1186 | D:2      | Found an opulent altar of Gozag.
  1248 | D:2      | Found an opulent altar of Gozag.
  2125 | D:3      | Noticed equalderp2856's ghost (amateur MiFi)
  2387 | D:3      | Reached XP level 4. HP: 36/40 MP: 3/3
  2525 | D:3      | Slain by equalderp2856's ghost

Skill      XL: |  1  2  3 |
---------------+----------+-----
Armour         | 4 |  4.2
Shields        | 4 |  4.6
Axes           | 3 |  3.7
Fighting       | 4 |  4.2
Dodging        | |  0.4
Stealth        | |  0.1

Action                   |  1- 3 |  4- 6 || total
-------------------------+-------+-------++-------
Melee: War axe           |    97 |     8 ||   105
       Headbutt          |    16 |     1 ||    17
  Use: Potion            |       |     1 ||     1
  Eat: Chunk             |     4 |       ||     4
Armor: Scale mail        |    44 |     2 ||    46
Dodge: Dodged            |    32 |     4 ||    36
Block: Shield            |    61 |     9 ||    70
